Map: Site Delta LE

Players

OneofOne

  • Race: Zerg Zerg
  • League: Platinum
  • Spawn Location: 11:00

SubN - Winner!

  • Race: Zerg Zerg
  • League: Diamond
  • Spawn Location: 5:00

VOD

Have the link to the VOD?

Description

Time

  • Played on: Dec. 24, 2023, 8:35 p.m.
  • Length: 3:41
Show
View Real Time Build Order
Export as new Build Order

OneofOne Zerg 

Build Orders: Hatch First 

Get SALT Encoding   

  12  0:01  Drone  
  13  0:12  Overlord  
  13  0:18  Drone  
  14  0:32  Drone x2  
  16  0:49  Hatchery  
  15  0:54  Drone  
  16  1:08  Spawning Pool  
  16  1:10  Drone  
  16  1:14  Extractor  
  15  1:19  Drone  
  15  1:21  Drone  
  17  1:27  Drone  
  18  1:35  Overlord  
  18  1:45  Drone  
  19  1:59  Queen  
  19  2:00  Zergling x2  
  22  2:01  Queen  
  22  2:03  Drone  
  22  2:08  Drone  
  26  2:15  Drone  
  27  2:16  Drone  
  27  2:21  Metabolic Boost  
  28  2:26  Drone x2  
  30  2:33  Drone  
  31  2:43  Drone  
  32  2:44  Drone  
  32  2:50  Drone  
  34  2:56  Drone  
  35  2:59  Drone  
  35  3:10  Overlord x3  
  35  3:11  Overlord  
  35  3:12  Overlord  
  35  3:18  Extractor  
  35  3:19  Roach Warren  
  33  3:20  Drone x2  
Show
View Real Time Build Order
Export as new Build Order

SubN Zerg - Winner!

Build Orders: Pool First 

Get SALT Encoding   

  12  0:00  Drone  
  13  0:12  Overlord  
  13  0:16  Drone  
  14  0:30  Drone x2  
  14  0:33  Drone  
  17  0:40  Extractor  
  16  0:44  Drone  
  17  0:50  Spawning Pool  
  17  0:55  Drone  
  17  1:06  Drone  
  18  1:18  Hatchery  
  18  1:22  Drone  
  18  1:31  Overlord  
  18  1:39  Queen  
  20  1:46  Metabolic Boost  
  20  1:50  Zergling x2  
  20  1:53  Zergling x2  
  22  2:01  Drone  
  23  2:10  Zergling x2  
  24  2:17  Queen  
  26  2:28  Zergling x2  
  27  2:31  Zergling x2  
  28  2:38  Zergling x2  
  28  2:40  Queen  
  28  2:42  Overlord  
  31  3:21  Drone x7  
  38  3:28  Roach Warren  
  38  3:29  Drone, Evolution Chamber  
  38  3:31  Evolution Chamber  
Tags
 
Add a new tag
Caveats
  • Supply blocks, unpowered buildings, or Contaminate may cause inaccurate times.
  • Supply counts are checked every 10 seconds.